 Dungeon Sprint DCSS version 0.16-a0-2955-gfa193e0 (webtiles) character file.

3835 RobertPalmer the Severer (level 10, 0/70 HPs)
             Began as a Formicid Fighter on Dec 4, 2014.
             Was an Initiate of Nemelex Xobeh.
             Slain by a 12-headed hydra (6 damage)
             ... in the Dungeon (Sprint VII: "The Pits").
             The game lasted 00:06:16 (1940 turns).

RobertPalmer the Severer (Formicid Fighter)         Turns: 1940, Time: 00:06:16

Health: 0/70       AC: 19    Str: 22    XL:     10   Next: 40%
Magic:  15/17      EV: 11    Int:  7    God:    Nemelex Xobeh [......]
Gold:   0          SH:  9    Dex: 13    Spells: 0 memorised, 9 levels left

rFire  . . .     SeeInvis +     a - +1 broad axe (chop)
rCold  . . .     Clarity  .     q - +3 plate armour
rNeg   . . .     SustAb   .     c - +0 shield
rPois  .         Gourm    .     (helmet unavailable)
rElec  .         Spirit   .     (no cloak)
rCorr  .         Warding  .     (no gloves)
rMut   .         Stasis   +     (no boots)
MR     +....                    (no amulet)
Stlth  ..........               g - +3 ring of evasion
                                e - +3 ring of evasion

@: somewhat resistant to hostile enchantments, extremely unstealthy
A: permanent stasis, dig shafts and tunnels, four strong arms, antennae 3
a: Dig, Renounce Religion


You were in the Dungeon.
You worshipped Nemelex Xobeh.
Nemelex Xobeh was noncommittal.
You were not hungry.

You visited 1 branch


Innate Abilities, Weirdness & Mutations

You are under a permanent stasis effect.
You can dig through walls and to a lower floor.
Your four strong arms can wield two-handed weapons with a shield.
You have a pair of large antennae on your head (SInv).


   Skills:
 - Level 3.2 Fighting
 - Level 18.1 Axes
 - Level 13.8 Armour
 - Level 3.6 Shields
 + Level 2.5 Evocations


You had 9 spell levels left.
You didn't know any spells.

Inventory:

Hand weapons
 a - a +1 broad axe of chopping (weapon)
Armour
 c - a +0 shield (worn)
 q - a +3 plate armour (worn)
 s - a +0 helmet
Jewellery
 e - a +3 ring of evasion (left hand)
 g - a +3 ring of evasion (right hand)
Scrolls
 l - 2 scrolls of vulnerability {!r}
 m - 3 scrolls of remove curse
 n - 5 scrolls of amnesia
Potions
 f - 7 potions of curing
 i - 4 potions of magic
 k - a potion of invisibility
 r - a potion of restore abilities
 t - a potion of might
Comestibles
 d - 7 bread rations
 h - 40 fruits
 j - 7 meat rations

Dungeon Overview and Level Annotations

Branches:
Dungeon (1/1)

Altars:
Ashenzari
Cheibriados
Dithmenos
Elyvilon
Fedhas
Gozag
Kikubaaqudgha
Makhleb
Nemelex Xobeh
Okawaru
Qazlal
Ru
Sif Muna
Trog
Vehumet
Xom
Yredelemnul
Zin
The Shining One
Beogh
Jiyva
Lugonu

____# ########''#######
'##############''######
.'.!##................#
.#.(##......#..#......#
'#####................+
.....'................+
'#####......#..#......# {{
.#..##................#
.+..#####'#####'a######
##'###.......##'D##############
....##.......##.x....#...'....#
....##.......##....###...###...#
'#####...<...##...##.+...B.##....
))..##.......##.B##..##)##..##...
.)..##.......##..#..##.))##..+...
######.......##..#..#.....# .#{..
.#..###########..†..'.....+ + {.


You could see a boulder beetle, a 12-headed hydra and a friendly small
abomination.


Message History

Wisps of shadow whirl around you...
Your fortitude fades away.
The 11-headed hydra bites you but does no damage.
You block the 11-headed hydra's attack. The 11-headed hydra bites you.
The 11-headed hydra misses you.
The 11-headed hydra bites you but does no damage. x2
The 11-headed hydra barely misses you. The 11-headed hydra bites you!
* * * LOW HITPOINT WARNING * * *
The 11-headed hydra bites you but does no damage. x2
The 11-headed hydra bites you!
* * * LOW HITPOINT WARNING * * *
Unknown command.
Unknown command.
Unknown command.
Your small abomination hits the 11-headed hydra.
Your small abomination hits the 11-headed hydra!!
There is a huge open gate to the Metal Vault (Medium) here.
There is a huge open gate to the Metal Vault (Medium) here.
You hack one of the 11-headed hydra's heads off!
The ten-headed hydra grows two more!
You hit the 12-headed hydra.
The 12-headed hydra is severely wounded.
You block the 12-headed hydra's attack. The 12-headed hydra bites you!
* * * LOW HITPOINT WARNING * * *
You block the 12-headed hydra's attack. The 12-headed hydra bites you.
* * * LOW HITPOINT WARNING * * *
The 12-headed hydra bites you!
* * * LOW HITPOINT WARNING * * *
The 12-headed hydra bites you.
You die...
Your body disappears without a glow.

Action                   |  1- 3 |  4- 6 |  7- 9 | 10-12 || total
-------------------------+-------+-------+-------+-------++-------
Melee: War axe           |    13 |    65 |     9 |       ||    87
       Hand axe          |       |     2 |       |       ||     2
       Broad axe         |       |       |    64 |    30 ||    94
Evoke: Deck              |     1 |     1 |     1 |     4 ||     7
  Use: Potion            |       |     2 |    11 |     1 ||    14
       Scroll            |       |       |       |     1 ||     1
  Eat: Bread ration      |       |       |     1 |       ||     1

Vault maps used:
D:        pitsprint

Notes
Turn   | Place    | Note
--------------------------------------------------------------
     0 | D        | RobertPalmer, the Formicid Fighter, began the quest for the Orb.
     0 | D        | Reached XP level 1. HP: 18/18 MP: 1/1
    20 | D        | Reached skill level 3 in Axes
    30 | D        | Found a sacrificial altar of Ru.
    30 | D        | Found a basalt altar of Yredelemnul.
    30 | D        | Found a shadowy altar of Dithmenos.
    30 | D        | Found a deep blue altar of Sif Muna.
    30 | D        | Found a burning altar of Makhleb.
    30 | D        | Found a shimmering altar of Xom.
    30 | D        | Found an ancient bone altar of Kikubaaqudgha.
    30 | D        | Found a sparkling altar of Nemelex Xobeh.
    31 | D        | Found a glowing golden altar of the Shining One.
    31 | D        | Found a bloodstained altar of Trog.
    31 | D        | Found a shattered altar of Ashenzari.
    31 | D        | Found a white marble altar of Elyvilon.
    31 | D        | Found a snail-covered altar of Cheibriados.
    31 | D        | Found a blossoming altar of Fedhas.
    31 | D        | Found a radiant altar of Vehumet.
    31 | D        | Found a glowing silver altar of Zin.
    31 | D        | Found a corrupted altar of Lugonu.
    31 | D        | Found a viscous altar of Jiyva.
    31 | D        | Found a roughly hewn altar of Beogh.
    31 | D        | Found an iron altar of Okawaru.
    36 | D        | Found a stormy altar of Qazlal.
    36 | D        | Found an opulent altar of Gozag.
    46 | D        | Became a worshipper of Nemelex Xobeh the Trickster
    68 | D        | Received a gift from Nemelex Xobeh
    76 | D        | Noticed a worker ant
    81 | D        | Killed a worker ant
    81 | D        | Reached skill level 5 in Axes
    81 | D        | Reached XP level 2. HP: 24/24 MP: 3/3
    84 | D        | Noticed a worker ant
    85 | D        | Noticed a brain worm
    86 | D        | Killed a brain worm
    86 | D        | Reached skill level 7 in Axes
    86 | D        | Reached XP level 3. HP: 21/29 MP: 4/4
    86 | D        | Reached XP level 4. HP: 25/35 MP: 5/5
    93 | D        | Killed a worker ant
    93 | D        | Reached skill level 8 in Axes
   415 | D        | Noticed a water moccasin
   423 | D        | Killed a water moccasin
   423 | D        | Reached skill level 10 in Axes
   423 | D        | Reached XP level 5. HP: 26/41 MP: 7/7
   609 | D        | Noticed a scorpion
   614 | D        | Killed a scorpion
   614 | D        | Reached skill level 11 in Axes
   614 | D        | Reached XP level 6. HP: 47/47 MP: 8/8
   664 | D        | Noticed an ogre
   673 | D        | Killed an ogre
   673 | D        | Reached skill level 12 in Axes
   692 | D        | Noticed a worker ant
   699 | D        | Killed a worker ant
   699 | D        | Reached skill level 13 in Axes
   881 | D        | Noticed an orc wizard
   889 | D        | Killed an orc wizard
   894 | D        | Noticed a wraith
   896 | D        | Noticed a molten gargoyle
   915 | D        | Killed a wraith
   915 | D        | Reached skill level 14 in Axes
   915 | D        | Reached XP level 7. HP: 44/52 MP: 9/9
   930 | D        | Killed a molten gargoyle
   930 | D        | Reached skill level 15 in Axes
   930 | D        | Reached XP level 8. HP: 39/58 MP: 11/11
   998 | D        | Noticed a sky beast
   998 | D        | Noticed an orc wizard
  1002 | D        | Noticed an iron imp
  1003 | D        | Killed an orc wizard
  1003 | D        | Reached skill level 16 in Axes
  1011 | D        | Killed a sky beast
  1012 | D        | Killed an iron imp
  1099 | D        | Noticed a phantasmal warrior
  1114 | D        | Killed a phantasmal warrior
  1114 | D        | Reached skill level 17 in Axes
  1321 | D        | Noticed a guardian serpent
  1328 | D        | Killed a guardian serpent
  1328 | D        | Reached skill level 18 in Axes
  1328 | D        | Reached XP level 9. HP: 41/64 MP: 12/12
  1360 | D        | Noticed a jumping spider
  1360 | D        | Noticed a flayed ghost
  1367 | D        | Noticed a bog body
  1379 | D        | Killed a flayed ghost
  1379 | D        | Reached skill level 8 in Armour
  1382 | D        | Killed a bog body
  1382 | D        | Reached skill level 9 in Armour
  1515 | D        | Noticed an efreet
  1515 | D        | Noticed a sky beast
  1522 | D        | Killed an efreet
  1522 | D        | Reached skill level 10 in Armour
  1525 | D        | Killed a sky beast
  1525 | D        | Reached skill level 11 in Armour
  1666 | D        | Noticed a skeletal warrior
  1666 | D        | Noticed a skeletal warrior
  1685 | D        | Killed a skeletal warrior
  1685 | D        | Reached skill level 12 in Armour
  1685 | D        | Reached XP level 10. HP: 36/70 MP: 13/13
  1699 | D        | HP: 7/70 [skeletal warrior/trident (19)]
  1703 | D        | Killed a skeletal warrior
  1703 | D        | Reached skill level 13 in Armour
  1906 | D        | Noticed a four-headed hydra
  1906 | D        | Noticed a boulder beetle
  1908 | D        | Noticed a yellow wasp
  1921 | D        | Killed a yellow wasp
  1921 | D        | Reached skill level 2 in Evocations
  1940 | D        | HP: 6/70 [12-headed hydra (7)]
  1940 | D        | Slain by a 12-headed hydra

Vanquished Creatures
  A skeletal warrior (D)
  A flayed ghost (D)
  A phantasmal warrior (D)
  A molten gargoyle (D)
  A guardian serpent (D)
  An efreet (D)
  A bog body (D)
  A wraith (D)
  A yellow wasp (D)
  2 sky beasts (D)
  An ogre (D)
  A scorpion (D)
  An iron imp (D)
  2 orc wizards (D)
  A worker ant (D)
  A giant eyeball (D)
  2 giant mites (D)
  An adder skeleton (D)
  5 orcs (D)
  4 jackals (D)
  A ball python zombie (D)
  2 bats (D)
33 creatures vanquished.

Vanquished Creatures (collateral kills)
  A skeletal warrior (D)
  A water moccasin (D)
  A brain worm (D)
  2 worker ants (D)
  An adder (D)
  A kobold (D)
  A giant gecko zombie (D)
8 creatures vanquished.

Vanquished Creatures (others)
  A centaur (D)
1 creature vanquished.

Grand Total: 42 creatures vanquished
